 Dungeon Crawl Stone Soup version 0.29.0-7-g18a832c13a (webtiles) character file.

Game seed: 11912056320996978809

6 adizb the Ducker (level 1, 0/17 HPs)
             Began as a Demonspawn Gladiator on Aug 30, 2022.
             Slain by a goblin
             ... wielding a +0 dagger
              (1 damage)
             ... on level 1 of the Dungeon.
             The game lasted 00:00:51 (113 turns).

adizb the Ducker (Demonspawn Gladiator)              Turns: 113, Time: 00:00:52

Health: 0/17       AC:  4    Str: 14    XL:     1   Next: 75%
Magic:  1/1        EV: 12    Int:  9    God:
Gold:   8          SH:  0    Dex: 14    Spells: 0/0 levels left

rFire   . . .      SeeInvis .   a - +0 flail
rCold   . . .      Faith    .   (no shield)
rNeg    . . .      Spirit   .   b - +0 leather armour
rPois   .          Reflect  .   c - +0 helmet
rElec   .          Harm     .   (no cloak)
rCorr   .          Rampage  .   (no gloves)
Will    .....                   (no boots)
Stlth   +.........              (no amulet)
HPRegen 0.05/turn               (no ring)
MPRegen 0.07/turn               (no ring)

@: no status effects
A: no striking features
a: no special abilities


You were on level 1 of the Dungeon.
You visited 1 branch of the dungeon, and saw 1 of its levels.

You collected 8 gold pieces.

Inventory:

Hand Weapons
 a - a +0 flail (weapon)
Missiles
 d - 3 throwing nets (quivered)
 e - a javelin
Armour
 b - a +0 leather armour (worn)
 c - a +0 helmet (worn)
Scrolls
 f - 2 scrolls of vulnerability {unknown}
 g - a scroll of teleportation {unknown}


   Skills:
 * Level 2.6 Fighting
 - Level 2.6 Maces & Flails
 - Level 1.7 Throwing
 - Level 2.6 Dodging


You couldn't memorise any spells.
You didn't know any spells.
Your spell library was empty.

Dungeon Overview and Level Annotations

Branches:
Dungeon (1/15)

Altars:


Message History

You sock the kobold!
You kill the kobold!
Things that are here:
a +0 dagger; a kobold corpse You see here a +0 leather armour.
Found 14 gold pieces.
You open the door.
A kobold comes into view. It is wielding a +0 dagger.
Found a pair of runed gloves, 4 stones and 3 gold pieces.
Found a ring mail.
The kobold shouts!
You hear a shout!
There is an open door here.
A goblin comes into view. It is wielding a +0 dagger.
The kobold hits you with a +0 dagger.
You hit the kobold.
The kobold is moderately wounded.
The kobold hits you with a +0 dagger. x2
You are too injured to fight recklessly!
You are too injured to fight recklessly!
You are too injured to fight recklessly!
You closely miss the kobold.
The kobold is moderately wounded.
The kobold hits you with a +0 dagger.
* * * LOW HITPOINT WARNING * * *
You hit the kobold but do no damage.
The kobold is moderately wounded.
The kobold hits you with a +0 dagger.
* * * LOW HITPOINT WARNING * * *
The kobold attacks as you move away! The kobold hits you but does no damage.
There is an open door here.
The goblin attacks as you move away! The goblin hits you but does no damage.
The goblin attacks as you move away! The goblin hits you with a +0 dagger.
* * * LOW HITPOINT WARNING * * *
You see here a +0 leather armour.
The eye of devastation turns its gaze towards you.
The goblin attacks as you move away! The goblin closely misses you.
The goblin attacks as you move away! The goblin barely misses you.
You hit the goblin but do no damage. The goblin barely misses you.
The goblin hits you with a +0 dagger.
You die...

#.#######.#.######
#.##......###..... #####
#.##........'..... .....
#.##.......##.....
.....###.##.......##.....
.......†........####.....
.......#.#.###### #.....
.......#.#.# #.....
#####..@..# #.....
##.g######## ######
#####...........
.........#######
##...###)K#....# G#...
#.......# ##.. #.##....#
.... ...##.#### ...
.....##'####


You could see a goblin.

Vanquished Creatures
  3 bats (D:1)
  A kobold (D:1)
  2 rats (D:1)
6 creatures vanquished.

Notes
Turn   | Place    | Note
-------+----------+-------------------------------------------
     0 | D:1      | adizb the Demonspawn Gladiator began the quest for the Orb.
     0 | D:1      | Reached XP level 1. HP: 16/16 MP: 1/1
    82 | D:1      | Noticed an eye of devastation
    88 | D:1      | Noticed an eye of devastation
   113 | D:1      | Slain by a goblin

Illustrated notes

Levels and vault maps discovered:
D:1:      lightli_iron_boxes, layout_basic,
          hellmonk_ecumenical_altar_watching_god, serial_bayou_pond_a,
          nicolae_eternal_life, chequers_hall_statues_wall_a

Action                   || total
-------------------------++-------
Melee: Flail             ||    22
Armor: Leather armour    ||    14
Dodge: Dodged            ||    19
